Map: [ESL] Altitude

Players

RiSky

  • Race: Zerg Zerg
  • League: Master
  • Spawn Location: 7:00

PtitDrogo - Winner!

  • Race: Protoss Protoss
  • Spawn Location: 1:00

Event: HomeStory Cup XXIII

VOD

Have the link to the VOD?

Description

Time

  • Played on: July 1, 2023, 9:30 a.m.
  • Length: 8:31

All games in this series

Show
View Real Time Build Order
Export as new Build Order

RiSky Zerg 

Build Orders: Hatch First 

Get SALT Encoding   

  12  0:00  Drone  
  13  0:08  Drone  
  14  0:32  Hatchery  
  13  0:36  Drone  
  14  0:52  Spawning Pool  
  14  0:56  Drone  
  14  1:04  Overlord  
  14  1:09  Extractor  
  14  1:10  Drone  
  15  1:23  Drone x2  
  17  1:27  Extractor  
  17  1:29  Drone  
  17  1:39  Queen, Zergling x2  
  20  1:48  Queen  
  20  1:52  Drone  
  23  1:56  Drone  
  23  2:00  Drone  
  25  2:04  Drone  
  26  2:12  Overlord  
  26  2:15  Drone  
  27  2:19  Drone  
  28  2:32  Metabolic Boost  
  28  2:34  Drone x3  
  31  2:50  Hatchery  
  30  2:54  Overlord  
  30  2:57  Drone  
  31  2:59  Drone  
  31  3:02  Drone  
  31  3:05  Drone  
  34  3:06  Drone  
  34  3:09  Drone  
  36  3:14  Drone  
  36  3:15  Drone  
  36  3:19  Lair  
  38  3:22  Drone  
  39  3:28  Drone  
  39  3:29  Drone x2  
  39  3:34  Queen  
  42  3:35  Extractor  
  42  3:37  Overlord  
  42  3:41  Zergling x2  
  44  3:47  Overlord  
  44  3:52  Overlord  
  44  3:53  Spore Crawler  
  44  3:54  Zergling x2  
  44  3:56  Zergling x6  
  44  3:58  Zergling x2  
  44  4:02  Overlord  
  48  4:10  Overlord, Drone  
  48  4:11  Queen  
  48  4:13  Drone  
  52  4:20  Drone, Hydralisk Den  
  52  4:21  Drone  
  52  4:22  Drone  
  54  4:26  Drone  
  54  4:28  Drone  
  54  4:29  Spore Crawler  
  54  4:30  Drone  
  56  4:32  Drone  
  57  4:41  Zergling x2  
  57  4:42  Zergling x8  
  57  4:51  Zergling x6  
  57  4:59  Overlord  
  57  5:00  Muscular Augments  
  57  5:01  Overlord  
  57  5:03  Extractor, Drone  
  57  5:10  Hydralisk x2  
  61  5:15  Hydralisk x2  
  65  5:22  Hydralisk x2  
  65  5:29  Hydralisk  
  65  5:34  Zergling x12  
  71  5:39  Zergling x2  
  71  5:40  Zergling x6  
  73  5:45  Zergling x2  
  73  5:46  Zergling x6  
  77  5:50  Zergling x4  
  77  5:52  Zergling x2  
  80  5:58  Zergling x4  
  82  6:04  Zergling x2  
  82  6:07  Zergling x2  
  82  6:08  Zergling x2  
  85  6:11  Overlord x2, Lurker Den  
  85  6:13  Zergling x4  
  86  6:22  Zergling x12  
  92  6:28  Zergling x4  
  91  6:34  Zergling x4  
  87  6:43  Zergling x10  
  87  6:46  Zergling x10  
  86  6:52  Zergling x6  
  77  7:03  Zergling x6  
  77  7:06  Hydralisk  
  78  7:11  Hydralisk x2  
  79  7:17  Hydralisk  
  79  7:21  Hydralisk x2  
  85  7:29  Hydralisk  
  85  7:30  Hydralisk x2  
  88  7:37  Hydralisk  
  88  7:42  Hydralisk x3  
  88  7:43  Hydralisk  
  98  7:50  Hydralisk x2  
  89  7:58  Hydralisk x2  
  89  8:01  Zergling x4  
  94  8:06  Zergling x6  
Show
View Real Time Build Order
Export as new Build Order

PtitDrogo Protoss - Winner!

Build Orders: 1 Gate Expand, Oracle Opening, Zealot Archon 

Get SALT Encoding   

  12  0:00  Probe  
  13  0:12  Probe  
  14  0:18  Pylon  
  14  0:24  Probe (Chrono Boost)  
  15  0:36  Probe (Chrono Boost)  
  15  0:39  Gateway  
  16  0:45  Probe (Chrono Boost)  
  16  0:47  Assimilator  
  17  0:51  Probe  
  18  1:03  Probe  
  19  1:15  Probe  
  20  1:25  Nexus  
  20  1:37  Cybernetics Core  
  20  1:40  Probe  
  20  1:47  Assimilator  
  21  1:52  Probe  
  22  1:55  Pylon  
  22  2:04  Probe (Chrono Boost)  
  23  2:13  Adept  
  25  2:16  Probe (Chrono Boost)  
  25  2:18  Stargate  
  26  2:24  Probe (Chrono Boost)  
  26  2:26  Warp Gate  
  27  2:31  Probe (Chrono Boost)  
  28  2:38  Probe (Chrono Boost)  
  30  2:45  Adept  
  30  2:49  Probe x2 (Chrono Boost)  
  33  2:54  Probe (Chrono Boost)  
  33  2:55  Probe (Chrono Boost)  
  35  2:59  Oracle (Chrono Boost)  
  35  3:04  Probe  
  39  3:07  Probe  
  39  3:10  Pylon  
  40  3:15  Zealot  
  40  3:16  Probe  
  40  3:19  Probe  
  44  3:23  Gateway  
  44  3:26  Oracle (Chrono Boost)  
  44  3:31  Probe  
  44  3:32  Probe  
  49  3:43  Probe  
  49  3:45  Probe  
  49  3:47  Pylon  
  51  3:55  Nexus  
  51  3:57  Probe  
  51  3:58  Probe  
  53  4:05  Oracle  
  53  4:09  Probe (Chrono Boost), Pylon  
  57  4:10  Probe (Chrono Boost)  
  57  4:12  Assimilator  
  57  4:15  Assimilator  
  58  4:21  Probe (Chrono Boost)  
  58  4:22  Probe (Chrono Boost)  
  58  4:23  Adept  
  62  4:26  Probe (Chrono Boost)  
  62  4:28  Probe (Chrono Boost)  
  62  4:29  Pylon  
  64  4:42  Zealot  
  66  4:47  Probe  
  66  4:52  Probe (Chrono Boost)  
  64  4:58  Twilight Council  
  64  4:59  Probe (Chrono Boost)  
  65  5:00  Forge  
  65  5:01  Robotics Facility  
  66  5:08  Gateway  
  66  5:09  Gateway  
  66  5:10  Probe x2 (Chrono Boost)  
  68  5:14  Probe (Chrono Boost)  
  68  5:15  Probe (Chrono Boost), Shield Battery  
  68  5:16  Probe (Chrono Boost), Adept  
  68  5:17  Adept  
  74  5:23  Probe  
  74  5:24  Shield Battery  
  74  5:25  Probe  
  74  5:27  Protoss Ground Weapons Level 1  
  74  5:28  Probe  
  75  5:30  Charge  
  69  5:35  Probe  
  69  5:37  Probe  
  69  5:38  Templar Archives  
  69  5:40  Probe  
  72  5:47  Zealot x2  
  72  5:48  Probe, Observer (Chrono Boost)  
  78  5:51  Pylon  
  78  5:53  Pylon  
  78  5:58  Probe x2  
  78  6:00  Assimilator  
  78  6:02  Assimilator  
  78  6:03  Immortal  
  80  6:07  Zealot x2  
  80  6:09  Zealot  
  80  6:10  Zealot  
  92  6:12  Probe x2  
  92  6:14  Probe  
  95  6:24  Probe  
  96  6:28  High Templar x2  
  88  6:33  Archon  
  88  6:38  Probe  
  83  6:42  Zealot x2  
  75  6:51  Probe  
  75  6:53  Photon Cannon  
  67  6:55  Photon Cannon  
  67  6:56  Probe  
  67  6:58  Void Ray (Chrono Boost)  
  67  7:00  Zealot x2  
  74  7:03  Gateway  
  74  7:05  High Templar, Gateway  
  74  7:06  High Templar, Gateway  
  78  7:10  Archon  
  78  7:12  Probe x2  
  78  7:15  Pylon  
  72  7:28  Zealot x2  
  76  7:31  Probe x2  
  76  7:33  Photon Cannon  
  78  7:38  Zealot x2  
  78  7:40  Probe  
  78  7:42  Photon Cannon  
  78  7:43  Probe  
  84  7:44  Probe  
  84  7:46  Photon Cannon  
  84  7:47  Shield Battery  
  85  7:52  Zealot x2  
  79  8:00  High Templar x4  
  79  8:01  Probe  
  79  8:02  Probe x2  
  79  8:04  Archon x2  
  94  8:14  Probe x2  
Tags
 
Add a new tag
Caveats
  • Supply blocks, unpowered buildings, or Contaminate may cause inaccurate times.
  • Supply counts are checked every 10 seconds.